 Dungeon Crawl Stone Soup version 0.21.1-1-g345015f (webtiles) character file.

27 tidbits the Grave Robber (level 3, -1/25 HPs)
             Began as a Gnoll Necromancer on June 18, 2018.
             Slain by a kobold
             ... wielding a +0 whip
              (4 damage)
             ... on level 3 of the Dungeon.
             The game lasted 00:02:21 (222 turns).

tidbits the Grave Robber (Gnoll Necromancer)         Turns: 222, Time: 00:02:21

Health: -1/25      AC:  2    Str: 10    XL:     3   Next: 10%
Magic:  2/9        EV: 14    Int: 18    God:
Gold:   16         SH:  0    Dex: 15    Spells: 4/12 levels left

rFire    . . .     SeeInvis .   f - +0 short sword
rCold    . . .     Gourm    .   (no shield)
rNeg     . . .     Faith    .   a - +0 robe
rPois    .         Spirit   .   (no helmet)
rElec    .         Reflect  .   (no cloak)
rCorr    .         Harm     .   (no gloves)
MR       .....                  (no boots)
Stlth    +++.......             (no amulet)
HPRegen  0.08/turn              (no ring)
MPRegen  0.11/turn              (no ring)

@: lethally poisoned (-1 -> -4)
A: distributed training, fangs 1, strong nose
a: no special abilities


You were on level 3 of the Dungeon.
You were not hungry.

You visited 1 branch of the dungeon, and saw 4 of its levels.

You collected 16 gold pieces.

Inventory:

Hand Weapons
 f - a +0 short sword (weapon)
Armour
 a - a +0 robe (worn)
 d - a +0 ring mail
Scrolls
 e - a scroll of fear {unknown}
Books
 b - a book of Necromancy

   Spells                             Type                      Level
   a - Pain                           Necromancy                   1
   b - Animate Skeleton               Necromancy                   1
   c - Vampiric Draining              Necromancy                   3
   d - Regeneration                   Charms/Necromancy            3
   e - Animate Dead                   Necromancy                   4
   f - Borgnjor's Vile Clutch         Necromancy/Earth             5
Comestibles
 c - a ration


   Skills:
 + Level 0.6 Fighting
 + Level 0.6 Short Blades
 + Level 0.6 Long Blades
 + Level 0.6 Axes
 + Level 0.6 Maces & Flails
 + Level 0.6 Polearms
 + Level 0.6 Staves
 + Level 0.6 Slings
 + Level 0.6 Bows
 + Level 0.6 Crossbows
 + Level 0.6 Throwing
 + Level 0.6 Armour
 + Level 4.5 Dodging
 + Level 4.1 Stealth
 + Level 0.6 Shields
 + Level 0.6 Unarmed Combat
 + Level 5.0 Spellcasting
 + Level 0.4 Conjurations
 + Level 0.4 Hexes
 + Level 0.4 Charms
 + Level 0.4 Summonings
 + Level 7.1 Necromancy
 + Level 0.4 Translocations
 + Level 0.4 Transmutations
 + Level 0.4 Fire Magic
 + Level 0.4 Ice Magic
 + Level 0.4 Air Magic
 + Level 0.4 Earth Magic
 + Level 0.4 Poison Magic
 + Level 0.8 Invocations
 + Level 0.6 Evocations


You had 4 spell levels left.
You knew the following spells:

 Your Spells              Type           Power        Failure   Level  Hunger
a - Pain                  Necr           ####         1%          1    None
d - Vampiric Draining     Necr           ####......   2%          3    ##.....
n - Animate Skeleton      Necr           N/A          1%          1    None
r - Regeneration          Chrm/Necr      ###.......   9%          3    ##.....


Dungeon Overview and Level Annotations

Branches:
Dungeon (4/15)
 Temple: D:4-7

Altars:

Annotations:
D:4 goulibeur's ghost, amateur DsAK


Innate Abilities, Weirdness & Mutations

Your experience applies equally to all skills.
You have very sharp teeth.
Your uncanny sense of smell can sniff out nearby items.


Message History

Aiming: Pain
Press: ? - help, Shift-Dir - straight line, f/p - adder
Aim: an adder (heavily wounded, chance to defeat MR: 89%)
The adder writhes in agony!
The adder completely misses you.
Casting: Pain
Confirm with . or Enter, or press ? or * to list all spells.
Aiming: Pain
Press: ? - help, Shift-Dir - straight line, f/p - adder
Aim: an adder (almost dead, chance to defeat MR: 89%)
You miscast Pain.
You are very lightly contaminated with residual magic.
Nothing appears to happen.
The adder closely misses you.
Casting: Pain
Confirm with . or Enter, or press ? or * to list all spells.
Aiming: Pain
Press: ? - help, Shift-Dir - straight line, f/p - adder
Aim: an adder (almost dead, chance to defeat MR: 89%)
The adder writhes in agony!
You kill the adder!
You have reached level 3!
Your experience leads to an increase in your attributes!
Increase (S)trength, (I)ntelligence, or (D)exterity?
You feel clever.
Memorise Regeneration, consuming 3 spell levels and leaving 7?
You start memorising the spell.
You continue memorising. x3
You finish memorising.
Spell assigned to 'r'.
Unknown command.
Casting: Pain
Confirm with . or Enter, or press ? or * to list all spells.
Your skin crawls.
Your skin is crawling a little less now.
Your skin stops crawling.
There is a stone staircase leading up here.
You climb upwards.
Your magical contamination has completely faded away.
There is a stone staircase leading down here.
Unknown command.
Memorise Animate Skeleton, consuming 1 spell level and leaving 6?
You start memorising the spell.
You continue memorising.
You finish memorising.
Spell assigned to 'n'.
Memorise Vampiric Draining, consuming 3 spell levels and leaving 3?
You start memorising the spell.
You continue memorising. x3
You finish memorising.
Spell assigned to 'd'.
Unknown command.
Casting: Regeneration
Confirm with . or Enter, or press ? or * to list all spells.
Your skin crawls.
Your skin is crawling a little less now.
An orc comes into view. It is wielding a hand axe of venom.
A kobold comes into view. It is wielding a whip.
The kobold shouts!
The kobold moves out of view.
Your skin stops crawling.
You hit the orc.
The orc is heavily wounded.
The orc closely misses you.
You closely miss the orc.
The orc is heavily wounded.
The orc hits you with a hand axe of venom.
You are poisoned.
You hit the orc. Your bite misses the orc.
The orc is heavily wounded.
You feel sick.
The orc hits you with a hand axe of venom.
* * * LOW HITPOINT WARNING * * *
The kobold closely misses you.
You hit the orc but do no damage.
The orc is heavily wounded.
* * * LOW HITPOINT WARNING * * *
You feel sick.
The orc hits you with a hand axe of venom.
* * * LOW HITPOINT WARNING * * *
The kobold misses you.
You barely miss the orc. You bite the orc, but do no damage.
The orc is heavily wounded.
* * * LOW HITPOINT WARNING * * *
You feel sick. The kobold barely misses you. The orc closely misses you.
It was a potion of curing.
You feel better. The kobold closely misses you.
The orc hits you with a hand axe of venom.
* * * LOW HITPOINT WARNING * * *
You are poisoned.
Unknown command.
You hit the orc but do no damage.
The orc is heavily wounded.
You feel sick. The kobold hits you with a whip.
* * * LOW HITPOINT WARNING * * *
The orc closely misses you.
You hit the orc.
You kill the orc!
Your Spellcasting skill increases to level 5!
The kobold closely misses you.
You hit the kobold.
The kobold is severely wounded.
You feel sick. The kobold hits you with a whip.
* * * LOW HITPOINT WARNING * * *
The kobold completely misses you.
You barely miss the kobold.
The kobold is severely wounded.
The kobold hits you with a whip.
You die...

.###.#.#.........#
..........####+##..
#.###.#.>..##
...#.##..##
#####.###..## #.#
##..## #.###....+
#.##....##
#.#)@..## #....K.##
#.....## #.....##
##.... ......
###..## #..


You could see a kobold.

Vanquished Creatures
  2 adders
  A leopard gecko (D:2)
  An orc (D:3)
  A goblin (D:1)
  A hobgoblin (D:2)
  A kobold (D:2)
  A bat (D:1)
8 creatures vanquished.

Notes
Turn   | Place    | Note
-------+----------+-------------------------------------------
     0 | D:1      | tidbits the Gnoll Necromancer began the quest for the Orb.
     0 | D:1      | Reached XP level 1. HP: 13/13 MP: 6/6
    12 | D:2      | Reached XP level 2. HP: 18/19 MP: 4/7
   180 | D:4      | Reached XP level 3. HP: 3/25 MP: 3/9
   184 | D:4      | Noticed goulibeur's ghost (amateur DsAK)
   185 | D:4      | Learned a level 3 spell: Regeneration
   201 | D:3      | Learned a level 1 spell: Animate Skeleton
   205 | D:3      | Learned a level 3 spell: Vampiric Draining
   220 | D:3      | Reached skill level 5 in Spellcasting
   222 | D:3      | Slain by a kobold

Skill      XL: |  1  2  3 |
---------------+----------+-----
Spellcasting   | 5 |  5.0
Fighting       | |  0.6
Short Blades   | |  0.6
Long Blades    | |  0.6
Axes           | |  0.6
Maces & Flails | |  0.6
Polearms       | |  0.6
Staves         | |  0.6
Slings         | |  0.6
Bows           | |  0.6
Crossbows      | |  0.6
Throwing       | |  0.6
Armour         | |  0.6
Dodging        | |  4.5
Stealth        | |  4.1
Shields        | |  0.6
Unarmed Combat | |  0.6
Conjurations   | |  0.4
Hexes          | |  0.4
Charms         | |  0.4
Summonings     | |  0.4
Necromancy     | |  7.1
Translocations | |  0.4
Transmutations | |  0.4
Fire Magic     | |  0.4
Ice Magic      | |  0.4
Air Magic      | |  0.4
Earth Magic    | |  0.4
Poison Magic   | |  0.4
Invocations    | |  0.8
Evocations     | |  0.6

Action                   || total
-------------------------++-------
Melee: Short sword       ||    14
       Bite              ||     1
 Cast: Pain              ||    14
       Regeneration      ||     2
  Use: Potion            ||     1
Dodge: Dodged            ||    19

Table legend:
 A = Turns spent in this place as a percentage of turns spent in the entire game.
 B = Non-inter-level travel turns spent in this place as a percentage of non-inter-level travel turns spent in the entire game.
 C = Inter-level travel turns spent in this place as a percentage of turns spent in this place.
 D = Turns resting spent in this place as a percentage of non-inter-level travel turns spent in this place.
 E = Turns spent auto-exploring this place as a percentage of non-inter-level travel turns spent in this place.
 F = Non-inter-level travel turns spent in this place divided by the number of levels of this place that you've seen.
                   A       B       C       D       E      F
               +-------+-------+-------+-------+-------+----------------------
         Total | 100.0 | 100.0 |   0.0 |   0.0 |   0.0 |  55.5
       Dungeon | 100.0 | 100.0 |   0.0 |   0.0 |   0.0 |  55.5
               +-------+-------+-------+-------+-------+----------------------

Table legend:
 A = Kills in this place as a percentage of kills in entire the game.
 B = Kills by you in this place as a percentage of kills by you in the entire game.
 C = Kills by friends in this place as a percentage of kills by friends in the entire game.
 D = Other kills in this place as a percentage of other kills in the entire game.
 E = Experience gained in this place as a percentage of experience gained in the entire game.
 F = Experience gained in this place divided by the number of levels of this place that you have seen.
                   A       B       C       D       E      F
               +-------+-------+-------+-------+-------+----------------------
         Total | 100.0 | 100.0 |   N/A |   N/A | 100.0 |   9.8
       Dungeon | 100.0 | 100.0 |   N/A |   N/A | 100.0 |   9.8
               +-------+-------+-------+-------+-------+----------------------

Vault maps used:
D:1:      minmay_arrival_jagged, minmay_misc_feat_tiny, minmay_tetromino_i4
D:2:      minmay_overflow_temple_hex, uniq_natasha
D:3:      lemuel_crystal_altar, grunt_decor_arrowhead
D:4:      kennysheep_mini, first_ration, serial_shops, shop, nicolae_shop_trees,
          nicolae_shop_window_shopping, nicolae_shop_behind_doors, shop,
          elyvilon_altar_3
